Map: Bel'Shir Vestige LE (Void)

Players

Musumeci - Winner!

  • Race: Zerg Zerg
  • League: Diamond
  • Spawn Location: 11:00

ApocalyptiC

  • Race: Terran Terran
  • League: Diamond
  • Spawn Location: 5:00

VOD

Have the link to the VOD?

Description

Time

  • Played on: Feb. 9, 2017, 3:02 p.m.
  • Length: 11:56
Show
View Real Time Build Order
Export as new Build Order

Musumeci Zerg - Winner!

Build Orders: Pool First 

Get SALT Encoding   

  12  0:06  Drone  
  13  0:09  Drone  
  14  0:28  Spawning Pool  
  14  0:35  Drone  
  14  0:48  Overlord  
  14  1:18  Zergling x2  
  14  1:19  Hatchery, Zergling x4  
  16  1:44  Hatchery  
  15  1:47  Zergling x2  
  15  1:54  Zergling x2  
  17  1:59  Zergling x2  
  18  2:07  Zergling x2  
  19  2:13  Zergling x2  
  20  2:31  Queen, Zergling x2  
  23  2:41  Zergling x2  
  23  2:56  Queen  
  23  2:57  Zergling x2  
  25  3:11  Zergling x2  
  24  3:14  Zergling x4  
  23  3:27  Zergling x2  
  23  3:31  Queen, Zergling x2  
  27  3:39  Zergling x4  
  28  3:44  Zergling x2  
  16  4:17  Zergling x4  
  18  4:26  Drone  
  18  4:27  Drone x5  
  24  4:34  Extractor  
  22  4:42  Hatchery  
  21  4:52  Drone  
  21  4:53  Drone  
  21  4:57  Roach Warren  
  21  4:59  Drone  
  22  5:09  Drone x2  
  24  5:21  Drone x2  
  24  5:24  Drone  
  25  5:47  Extractor  
  24  5:52  Overlord x2  
  22  6:03  Drone x2  
  22  6:04  Drone x2  
  26  6:05  Queen  
  28  6:12  Lair  
  28  6:24  Drone  
  28  6:25  Drone x2  
  31  6:34  Drone x2  
  31  6:37  Drone  
  34  6:43  Queen  
  36  7:02  Overlord  
  36  7:05  Overlord  
  36  7:20  Queen, Roach x3  
  44  7:28  Roach x4  
  52  7:53  Hatchery  
  51  8:04  Drone  
  52  8:15  Overlord x2  
  52  8:42  Roach x3  
  52  8:43  Roach x2  
  52  8:44  Overlord x3  
  52  8:47  Glial Reconstitution  
  62  8:55  Evolution Chamber  
  62  8:56  Evolution Chamber  
  62  8:57  Roach x3  
  66  9:09  Roach x3  
  72  9:11  Ravager x5  
  77  9:19  Drone  
  77  9:21  Drone x4, Extractor  
  77  9:23  Extractor  
  80  9:35  Spore Crawler  
  80  9:37  Spore Crawler x2  
  77  9:39  Spore Crawler  
  77  9:41  Drone x3  
  77  9:44  Drone x2  
  81  9:46  Drone  
  81  9:51  Drone x5  
  87  9:53  Ravager  
  87  9:54  Ravager  
  89  10:11  Drone x4  
  93  10:27  Drone  
  93  10:28  Drone x4, Spore Crawler  
  98  10:30  Ravager  
  98  10:42  Overlord  
  98  10:43  Overlord x4  
  98  11:21  Roach x7  
  98  11:22  Roach x8  
  125  11:45  Evolution Chamber x3  
Show
View Real Time Build Order
Export as new Build Order

ApocalyptiC Terran 

Build Orders: MMM Bio 

Get SALT Encoding   

  12  0:00  SCV  
  13  0:13  SCV  
  14  0:18  Supply Depot  
  14  0:25  SCV  
  15  0:39  SCV  
  15  0:40  Barracks  
  16  0:45  Refinery  
  16  0:52  SCV  
  17  1:04  SCV  
  18  1:16  SCV  
  19  1:27  Supply Depot  
  19  1:30  Reaper  
  20  1:36  Orbital Command, Bunker  
  20  1:41  Barracks  
  20  1:46  Refinery  
  20  2:02  SCV  
  20  2:04  Bunker  
  21  2:08  Barracks Reactor  
  21  2:16  SCV  
  22  2:27  Marine  
  23  2:36  SCV  
  24  2:40  Factory  
  24  2:45  Marine  
  24  2:47  Marine  
  26  2:57  Marine  
  27  3:03  Marine  
  27  3:05  Marine  
  28  3:10  SCV  
  29  3:20  Marine  
  29  3:22  SCV  
  31  3:40  SCV, Marine  
  30  3:52  SCV  
  22  4:04  SCV  
  20  4:16  SCV  
  22  4:31  SCV  
  22  4:33  Factory Tech Lab  
  22  4:43  SCV  
  23  4:51  Barracks Tech Lab  
  23  4:58  Siege Tank  
  26  5:08  SCV  
  26  5:10  Stimpack  
  26  5:12  Marine  
  28  5:21  Marine  
  28  5:22  SCV  
  30  5:30  Marine x2  
  31  5:41  Marine  
  31  5:50  Supply Depot  
  31  6:05  SCV, Marine  
  31  6:10  Command Center  
  31  6:13  Engineering Bay  
  31  6:16  Marine  
  32  6:26  Marine x2  
  32  6:27  SCV  
  35  6:39  SCV  
  36  6:50  Marine  
  36  6:51  SCV  
  38  7:02  Missile Turret  
  38  7:03  SCV  
  39  7:09  Missile Turret  
  39  7:21  Marine  
  39  7:22  SCV  
  41  7:26  Starport  
  41  7:30  Marine  
  41  7:34  SCV  
  41  7:36  Marine  
  44  7:46  SCV  
  44  7:47  Marine  
  44  7:50  Combat Shields  
  46  7:54  Marauder  
  46  7:58  SCV  
  49  8:07  Marine  
  49  8:10  SCV  
  51  8:14  Factory Reactor  
  51  8:21  Orbital Command  
  51  8:22  SCV, Marine  
  53  8:31  Marine  
  54  8:50  Orbital Command  
  54  8:53  Supply Depot  
  54  9:14  SCV, Raven, Marine x3  
  54  9:15  Supply Depot  
  60  9:19  SCV  
  61  9:26  SCV  
  62  9:36  Widow Mine, Marine x2  
  66  9:39  SCV  
  66  9:40  SCV  
  66  9:43  Supply Depot  
  68  9:54  Barracks  
  68  10:02  Marine x2  
  68  10:04  Widow Mine  
  72  10:13  Supply Depot  
  72  10:14  SCV x2  
  72  10:19  Medivac  
  76  10:29  Marine x2  
  76  10:34  Marine  
  76  10:35  SCV  
  80  10:36  Supply Depot  
  80  10:37  Supply Depot  
  80  10:41  Marine  
  81  10:44  Widow Mine  
  81  10:47  Marine x2  
  85  10:52  Marine  
  85  10:56  Missile Turret  
  85  10:57  Supply Depot  
  86  10:59  Marine  
  86  11:02  SCV  
  89  11:05  Marine x2  
  89  11:10  Marine  
  87  11:28  Marine x3  
Tags
 
Composition
MMM Bio
Matchup
TvZ
Opening
Pool First
Replay Pack
replay pack
Spawn Locations
Cross Positions
Add a new tag
Caveats
  • Supply blocks, unpowered buildings, or Contaminate may cause inaccurate times.
  • Supply counts are checked every 10 seconds.